 Dungeon Crawl Stone Soup version 0.29-a0-341-g24ffce5b50 (webtiles) character file.

Game seed: 2385659633958421238

117829 spaghetti the Spry (level 16, -18/198 HPs)
             Began as a Demonspawn Hunter on Apr 20, 2022.
             Was an Elder of Trog.
             Killed from afar by Vv (47 damage)
             ... by creeping frost
             ... on level 2 of the Depths.
             The game lasted 00:55:02 (32231 turns).

spaghetti the Spry (Demonspawn Hunter)             Turns: 32231, Time: 00:55:03

Health: -18/198    AC: 20    Str: 17    XL:     16   Next: 24%
Magic:  0/16       EV: 28    Int: 11    God:    Trog [****..]
Gold:   1499       SH:  0    Dex: 34    Spells: 14/15 levels left

rFire   . . .      SeeInvis +     - Unarmed
rCold   . . .      Faith    .   (no shield)
rNeg    . . .      Spirit   +   V - +9 scale mail of Dramatic Exits {Str+3}
rPois   .          Reflect  .   O - +0 hat {SInv}
rElec   .          Harm     .   (cloak unavailable)
rCorr   .          Rampage  .   (no gloves)
Will    +....                   (boots unavailable)
Stlth   ..........              l - amulet of guardian spirit
HPRegen 0.43/turn               N - +6 ring of dexterity
MPRegen 0.15/turn               R - +6 ring of dexterity

@: berserking, very quick
A: claws 2, hooves 3, spiny 2, demonic magic 1, weakness stinger 3, horns 1,
iridescent scales 1
a: Renounce Religion, Berserk, Trog's Hand, Brothers in Arms


You were on level 2 of the Depths.
You worshipped Trog.
Trog was greatly pleased with you.
You visited 4 branches of the dungeon, and saw 24 of its levels.
You also visited: Ice Cave.

You collected 1499 gold pieces.


Innate Abilities, Weirdness & Mutations

You have very sharp fingernails.
You have hooves in place of feet.
You are mostly covered in sharp spines.
Spells you cast may paralyse adjacent enemies.
You have a sharp stinger which inflicts weakening toxins.
You have a pair of small horns on your head.
You are partially covered in iridescent scales. (AC +2)


   Skills:
 * Level 13.7 Fighting
 + Level 7.1 Bows
 * Level 11.0 Armour
 * Level 17.4 Dodging
 - Level 0.8 Stealth
 * Level 15.0 Unarmed Combat


You had 14 spell levels left.
You knew the following spells:

 Your Spells              Type           Power      Damage    Failure   Level
a - Animate Skeleton      Necr           0%         N/A       67%         1

Your spell library contained the following spells:

 Spells                   Type           Power      Damage    Failure   Level
 Apportation              Tloc           0%         N/A       67%         1
 Freeze                   Ice            0%         1d3       67%         1
 Pain                     Necr           0%         1d4       67%         1
 Sandblast                Erth           0%         2d4       67%         1
 Shock                    Conj/Air       0%         1d3       67%         1
 Summon Small Mammal      Summ           0%         N/A       67%         1
 Passwall                 Tmut/Erth      0%         N/A       80%         2
 Scorch                   Fire           0%         2d5       80%         2
 Call Canine Familiar     Summ           0%         N/A       95%         3
 Confusing Touch          Hex            0%         N/A       95%         3
 Frozen Ramparts          Ice            0%         1d2       95%         3
 Gell's Gravitas          Tloc           0%         N/A       95%         3
 Lesser Beckoning         Tloc           0%         N/A       95%         3
 Portal Projectile        Hex/Tloc       0%         N/A       95%         3
 Stone Arrow              Conj/Erth      0%         3d7       95%         3
 Swiftness                Air            0%         N/A       95%         3
 Teleport Other           Tloc           0%         N/A       95%         3
 Tukima's Dance           Hex            0%         N/A       95%         3
 Vampiric Draining        Necr           0%         2d6       95%         3
 Airstrike                Air            0%         N/A       100%        4
 Flame Wave               Conj/Fire      0%         2d4       100%        4
 Hailstorm                Conj/Ice       0%         3d3       100%        4
 Leda's Liquefaction      Hex/Erth       0%         N/A       100%        4
 Passage of Golubria      Tloc           0%         N/A       100%        4
 Summon Lightning Spire   Summ/Air       0%         N/A       100%        4
 Fireball                 Conj/Fire      0%         3d3       100%        5
 Yara's Violent Unravell  Hex/Tmut       0%         3d3       100%        5
 Dispersal                Tloc           0%         N/A       100%        6
 Summon Cactus Giant      Summ           0%         N/A       100%        6
 Enfeeble                 Hex            0%         N/A       100%        7
 Summon Hydra             Summ           0%         N/A       100%        7
 Disjunction              Tloc           0%         N/A       100%        8
 Shatter                  Erth           0%         3d5*      100%        9

Inventory:

Hand Weapons
 a - a +4 longbow {bow}
   (You found it on level 4 of the Dungeon)
 r - the +6 mace of Victory {freeze, rN+ Will++ MP+9 Int+3, mace}
   (You found it on level 3 of the Dungeon)

   It freezes those it strikes, dealing additional cold damage.
   It can also slow down cold-blooded creatures.
   Int:       It affects your intelligence (+3).
   rN:        It protects you from negative energy.
   MP:        It affects your magic capacity (+9).
   Will:      It greatly increases your willpower.
 W - a +1 whip of venom {mace}
   (You took it off an orc on level 12 of the Dungeon)
Missiles
 m - 6 atropa-tipped darts {throwing}
 J - 84 stones {throwing}
Armour
 O - a +0 hat of see invisible (worn)
   (You took it off Gastronok on level 8 of the Dungeon)
 V - the +9 scale mail of Dramatic Exits (worn) {Str+3}
   (You found it on level 11 of the Dungeon)

   Str:       It affects your strength (+3).
Jewellery
 l - an amulet of guardian spirit (around neck)
   (You found it on level 2 of the Dungeon)
 s - a ring of positive energy
   (You found it on level 3 of the Dungeon)
 t - a ring of see invisible
   (You found it on level 4 of the Lair of Beasts)
 B - a ring of fire
   (You found it on level 5 of the Lair of Beasts)
 C - a +6 ring of intelligence
   (You found it on level 2 of the Depths)
 G - a +6 ring of strength
   (You found it on level 14 of the Dungeon)
 N - a +6 ring of dexterity (left claw)
   (You found it on level 8 of the Dungeon)
 R - a +6 ring of dexterity (right claw)
   (You found it on level 3 of the Lair of Beasts)
Wands
 g - a wand of polymorph (8)
   (You found it on level 5 of the Dungeon)
 i - a wand of flame (30)
   (You took it off Dowan on level 5 of the Dungeon)
 u - a wand of mindburst (15)
   (You found it on level 1 of the Depths)
 F - a wand of iceblast (15)
   (You found it on level 14 of the Dungeon)
 Q - a wand of paralysis (7)
   (You found it on level 3 of the Lair of Beasts)
Scrolls
 b - 10 scrolls of identify {@r1}
 c - 3 scrolls of immolation {!r!r}
 f - 6 scrolls of teleportation {@r4}
 h - 3 scrolls of vulnerability {!r!r}
 k - a scroll of magic mapping {!r}
 o - 7 scrolls of enchant armour
 p - 5 scrolls of blinking {!r}
 q - a scroll of holy word {!r}
 y - 2 scrolls of silence {!r}
 I - 5 scrolls of fog
Potions
 e - 2 potions of heal wounds {@q2}
 j - 7 potions of flight
 n - 2 potions of invisibility
 v - 13 potions of curing {@q1}
 w - 3 potions of attraction {!q}
 x - 4 potions of might
 z - 4 potions of ambrosia
 A - 2 potions of berserk rage {!q}
 D - 2 potions of cancellation
 E - 5 potions of lignification {!q}
 K - 2 potions of mutation {!q}
 P - 2 potions of haste {@q3}
 U - a potion of resistance
 Y - a potion of magic
 Z - a potion of brilliance
Miscellaneous
 d - a box of beasts
   (You found it on level 4 of the Lair of Beasts)
 M - a condenser vane
   (You found it on level 2 of the Lair of Beasts)
 S - a phantom mirror
   (You found it on level 3 of the Lair of Beasts)
 X - a phial of floods
   (You found it on level 9 of the Dungeon)

Dungeon Overview and Level Annotations

Branches:
Dungeon (15/15)            Temple (1/1) D:6            Lair (6/6) D:10
 Shoals (0/4) Lair:3       Spider (0/4) Lair:3        Slime (0/5) Lair:5
    Orc (0/2) D:12         Vaults (0/5) D:14         Depths (2/4) D:15
  IceCv (visited)

Altars:
Ashenzari
Cheibriados
Dithmenos
Elyvilon
Fedhas
Gozag
Hepliaklqana
Kikubaaqudgha
Makhleb
Nemelex Xobeh
Okawaru
Qazlal
Ru
Sif Muna
Trog
Uskayaw
Vehumet
Wu Jian
Xom
Yredelemnul
Zin
The Shining One

Shops:
D:7 **

Portals:
Hell: Depths:1

Annotations:
D:7 1 runed translucent door, Psyclone's ghost, novice DEIE
D:8 5 runed translucent doors
Lair:6 3 runed translucent doors, siradein's ghost, journeyman DEEE
Depths:2 Vv

...#....###.##
#...#..#....#
....#..#....##
###....#..##..#
#..##..#....###
#.....#..#.)..#
#.....#..#..###
####....#.#
#.9@....#.#
#.C..###.##
#..##..# ## #..
.### #.. .. #..
.. ## ##


You could see Vv and a stone giant.


Message History

e - 2 potions of heal wounds {@q2} (gained 1)
You open the door.
There is an open door here.
There is an open door here.
You open the door.
There is an open door here.
Key pressed, stopping explore.
An ettin comes into view.
It is wielding a +0 dire flail and a +0 great mace.
Unknown command.
You start waiting.
An ettin is nearby!
You claw the ettin! You kick the ettin.
You headbutt the ettin, but do no damage.
You tail-slap the ettin, but do no damage.
The ettin is struck by your spines. The ettin closely misses you.
The ettin hits you with a +0 great mace! πŸ˜• HP[-11] MP[-1]
You take 11 damage, and now have 120/131 hp.
You lost 1 mp, and now have 15/16 mp.
You are too injured to fight recklessly!
You are too injured to fight recklessly!
You are too injured to fight recklessly!
You are too injured to fight recklessly!
You are too injured to fight recklessly!
You are too injured to fight recklessly!
You are too injured to fight recklessly!
You are too injured to fight recklessly!
You are too injured to fight recklessly!
You are too injured to fight recklessly!
You are too injured to fight recklessly!
You are too injured to fight recklessly!
You are too injured to fight recklessly!
You are too injured to fight recklessly!
You mangle the ettin!! You kick the ettin.
You headbutt the ettin, but do no damage.
You claw the ettin, but do no damage. You claw the ettin!
You kick the ettin, but do no damage. Your claw misses the ettin.
The ettin misses you. The ettin closely misses you.
You claw the ettin!
You kill the ettin!
Trog accepts your kill.
Your life force feels restored.
Your Unarmed Combat skill increases to level 15!
You now have 132 max hp (+1).
Things that are here:
a +0 dire flail {mace}; a +0 great mace {mace}; an ettin corpse 😎 HP[+12] MP[+1]
Your hp is fully restored (132).
Your mp is fully restored (16).
Key pressed, stopping explore.
You open the door.
Found a stone staircase leading down.
There is an open door here.
C - a +6 ring of intelligence A stone giant comes into view.
The stone giant shouts!
The stone giant throws a large rock.
The large rock closely misses you.
The stone giant throws a large rock.
The large rock misses you.
Vv the Exile comes into view.
The stone giant closely misses you.
You scratch the stone giant but do no damage.
You kick the stone giant.
You headbutt the stone giant, but do no damage.
The stone giant completely misses you.
You scratch the stone giant but do no damage.
You kick the stone giant, but do no damage.
You mangle the stone giant!! You kick the stone giant!
You tail-slap the stone giant, but do no damage.
You claw the stone giant. The stone giant hits you. πŸ˜• HP[-3]
You take 3 damage, and now have 129/132 hp.
You scratch the stone giant.
You kick the stone giant, but do no damage.
The stone giant is struck by your spines.
The stone giant closely misses you. Vv hits you! Vv freezes you!!!
* * * LOW HITPOINT WARNING * * *
Vv hits you but does no damage.
You are too injured to fight recklessly! 😨 HP[-68] MP[-8]
You take 68 damage, and now have 61/132 hp.
MASSIVE DAMAGE!! (PAUSE)
You lost 8 mp, and now have 8/16 mp.
A red film seems to cover your vision as you go berserk!
You feel yourself moving faster!
You feel mighty! Vv hits you.
* * * LOW HITPOINT WARNING * * *
Vv freezes you!!!
* * * LOW HITPOINT WARNING * * *
Vv completely misses you.
The stone giant is struck by your spines.
The stone giant hits you!!
* * * LOW HITPOINT WARNING * * *
😱 HP[-32] MP[-5]
You now have 198 max hp (+66).
You lost 5 mp, and now have 3/16 mp.
You claw Vv! x2
You mangle the stone giant!!
You headbutt the stone giant, but do no damage.
You tail-slap the stone giant, but do no damage.
The stone giant hits you but does no damage.
Vv calls freezing cold from the walls.
The frost grips you!!!
You die...

Skill      XL: |  1  2  3  4  5  6  7  8  9 10 11 12 13 14 15 16 |
---------------+-------------------------------------------------+-----
Bows           | 4 5 6 7 |  7.1
Fighting       | 3 4 5 6 8 9 11 12 13 | 13.7
Unarmed Combat | 1 3 5 7 9 10 11 13 14 15 | 15.0
Dodging        | 2 3 4 5 6 7 8 9 12 16 17 | 17.4
Armour         | 3 4 6 7 8 9 10 11 | 11.0
Stealth        | |  0.8

Action                   |  1- 3 |  4- 6 |  7- 9 | 10-12 | 13-15 | 16-18 || total
-------------------------+-------+-------+-------+-------+-------+-------++-------
Melee: Unarmed           |       |    13 |    64 |   302 |   611 |    71 ||  1061
       Kick              |       |     5 |    25 |   141 |   346 |    35 ||   552
       Punch             |       |       |     3 |    26 |    99 |    15 ||   143
       Tailslap          |       |       |       |    55 |   161 |    25 ||   241
       Mace              |       |       |       |     4 |    43 |       ||    47
       Headbutt          |       |       |       |       |   172 |    26 ||   198
 Fire: Shortbow          |   120 |    70 |       |       |       |       ||   190
       Longbow           |       |    25 |   202 |   239 |   405 |     5 ||   876
 Cast: Animate Skeleton  |       |       |     2 |       |       |       ||     2
Invok: Berserk           |       |       |     1 |    16 |    15 |     4 ||    36
       Trog's Hand       |       |       |       |     6 |    13 |     2 ||    21
  Use: Scroll            |       |    10 |     1 |    15 |     8 |       ||    34
       Potion            |       |     1 |     2 |       |     3 |       ||     6
 Stab: Distracted        |       |       |     1 |       |       |       ||     1
       Sleeping          |       |       |       |     1 |       |       ||     1
Armor: Leather armour    |    15 |     4 |    18 |       |       |       ||    37
       Skin              |       |       |     1 |       |       |       ||     1
       Ring mail         |       |       |     3 |    50 |       |       ||    53
       Scale mail        |       |       |       |    41 |   263 |    15 ||   319
Dodge: Dodged            |    22 |    16 |   128 |   352 |   781 |    42 ||  1341

Levels and vault maps discovered:
D:1:      eino_arrival_druids_welcome, layout_rooms
D:2:      minmay_chambers_of_ones, layout_basic, minmay_misc_feat_columns
D:3:      layout_rooms
D:4:      layout_rooms, grunt_temple_overflow_open, slow_altar_2,
          minmay_close_crescents
D:5:      kennysheep_spiral_hall, layout_basic, nicolae_overflow_hidden_temple,
          uniq_duvessa, uniq_menkaure, uniq_prince_ribbit1
D:6:      layout_basic, makhleb_altar_promises_db,
          minmay_temple_entry_stoned_glass, amcnicky_mini_pool_small,
          minmay_joined_circles
D:7:      layout_rooms, kiku_gazebo_pond_becter, ebering_ghost_xom,
          nicolae_specific_store, st_stairs_6
D:8:      layout_layer_cave, nicolae_vehumet_altar_sigil,
          mainiacjoe_overflow_small_starburst, grunt_decor_clamped,
          minmay_guarded_unrand_staff_of_olgreb, uniq_gastronok
D:9:      layout_layer_cave, mainiacjoe_overflow_alcove_1,
          mainiacjoe_overflow_24_doors, uniq_pikel
D:10:     layout_cave_pools, dpeg_lair_monsters,
          onia_ninara_dug_in_and_dangerous
D:11:     minmay_the_grid_octo_tiled_octocenter
          [minmay_the_grid_octo_fat_diamond, minmay_the_grid_octo_teeth,
          minmay_the_grid_octo_concentric, minmay_the_grid_octo_77,
          minmay_the_grid_octo_prize_square_snowflake,
          minmay_the_grid_square_5x5_comb, minmay_the_grid_square_5x5_inset,
          minmay_the_grid_square_5x5_shuriken,
          minmay_the_grid_square_5x5_forky], layout_irregular_city
D:12:     minmay_isolated_rectangles_in_corner, layout_basic, erik_orc_4,
          roderic_roman_lattice
D:13:     layout_roguey, serial_park_tiny_1
D:14:     layout_stronghold, erik_vaults_1, lemuel_crystal_altar,
          cheibrodos_ashenzari_chains
D:15:     grunt_enter_depths_snipers, layout_basic, minmay_misc_feat_rugged,
          uniq_jorgrun
Temple:   nicolae_temple_figure_zero
Lair:1:   layout_roguey, chequers_serial_rivers_small_3, beast_lair_carwin_1
Lair:2:   layout_cave_pods, basic_altar, portal_ice_cave_entry_pillars_1,
          grunt_megastairs_2
Lair:3:   layout_chaotic_city, elwin_shoals_entry_rooms,
          nicolae_spider_entry_non_spiders, serial_bayou_shore_b,
          infiniplex_staircase_pool
Lair:4:   layout_cave_pods, beast_lair_carwin_8, grunt_megastairs_5
Lair:5:   layout_roguey, minmay_slime_entry_pillars, grunt_megastairs_3,
          serial_bayou_shore_a, lemuel_fruit_fields, lemuel_fruit_tree
Lair:6:   evilmike_catoblepas_cave, layout_gridlike,
          maelrawn_ghost_gauntlet_escape
Depths:1: layout_gridlike, enter_ziggurat_f, pf_vacation_house_of_asmodeus,
          chequers_serial_rivers_marsh, yredelemnul_forgotten_temple_becter
Depths:2: nzn_winding_woodlands_medium [nzn_winding_woodlands_5x5_perimeter,
          nzn_winding_woodlands_5x15_crooked,
          nzn_winding_woodlands_5x5_open_star,
          nzn_winding_woodlands_5x5_default,
          nzn_winding_woodlands_center_pierced_h,
          nzn_winding_woodlands_5x5_closed_star,
          nzn_winding_woodlands_5x5_three, nzn_winding_woodlands_5x15_cabin,
          nzn_winding_woodlands_5x5_default], layout_basic,
          grunt_pan_entry_in_and_out, serial_sigils_hangedman_writhe,
          hell_entry, uniq_vv

Notes
Turn   | Place    | Note
-------+----------+-------------------------------------------
     0 | D:1      | spaghetti the Demonspawn Hunter began the quest for the
                  | Orb.
     0 | D:1      | Reached XP level 1. HP: 16/16 MP: 1/1
     0 | D:1      | magus.rc [v1.9.6]
    53 | D:1      | Reached skill level 4 in Bows
    66 | D:1      | You feel monstrous as your demonic heritage exerts itself.
    66 | D:1      | Discovered your monstrous ancestry.
    66 | D:1      | Gained mutation: You have large cloven feet. [demonic
                  | ancestry]
    66 | D:1      | Reached XP level 2. HP: 22/22 MP: 2/2
   474 | D:2      | Gained mutation: You have hoof-like feet. [demonic
                  | ancestry]
   474 | D:2      | Reached XP level 3. HP: 28/28 MP: 3/3
   534 | D:2      | Reached skill level 3 in Fighting
  1706 | D:3      | Identified the +6 mace of Victory {freeze, rN+ Will++ MP+9
                  | Int+3}
  1766 | D:3      | Gained mutation: You have sharp fingernails. [demonic
                  | ancestry]
  1766 | D:3      | Reached XP level 4. HP: 37/37 MP: 4/4
  1788 | D:3      | Reached skill level 1 in Unarmed Combat
  2005 | D:3      | Reached skill level 4 in Fighting
  2168 | D:4      | Reached skill level 2 in Dodging
  2168 | D:4      | Reached XP level 5. HP: 42/42 MP: 5/5
  2182 | D:4      | Reached skill level 2 in Unarmed Combat
  2319 | D:4      | Reached skill level 3 in Unarmed Combat
  2319 | D:4      | Gained mutation: You are partially covered in sharp spines.
                  | [demonic ancestry]
  2319 | D:4      | Reached XP level 6. HP: 43/49 MP: 6/6
  2356 | D:4      | Found a broken altar of Ashenzari.
  2361 | D:4      | Found an iron altar of Okawaru.
  2638 | D:4      | Gained mutation: You tend to lose your temper in combat.
                  | [potion of mutation]
  2638 | D:4      | Gained mutation: You have very sharp fingernails. [potion
                  | of mutation]
  2638 | D:4      | Gained mutation: You occasionally shout uncontrollably at
                  | your foes. [potion of mutation]
  2729 | D:4      | Found a snail-covered altar of Cheibriados.
  2862 | D:4      | You pick up a book of Necromancy and begin reading...
  2862 | D:4      | You add the spells Pain, Animate Skeleton and Vampiric
                  | Draining to your library.
  3013 | D:5      | Entered Level 5 of the Dungeon
  3015 | D:5      | Reached skill level 3 in Dodging
  3037 | D:5      | Found an opulent altar of Gozag.
  3126 | D:5      | Reached XP level 7. HP: 49/55 MP: 7/7
  3128 | D:5      | Reached skill level 5 in Fighting
  3128 | D:5      | Reached skill level 4 in Unarmed Combat
  3232 | D:5      | Noticed Prince Ribbit
  3248 | D:5      | Killed Prince Ribbit
  3584 | D:5      | Noticed Menkaure
  3587 | D:5      | Killed Menkaure
  3588 | D:5      | Reached skill level 5 in Unarmed Combat
  3621 | D:5      | Reached skill level 4 in Dodging
  3757 | D:5      | Gained mutation: Spells you cast may paralyse adjacent
                  | enemies. [demonic ancestry]
  3757 | D:5      | Reached XP level 8. HP: 37/64 MP: 4/8
  3945 | D:5      | Learned a level 1 spell: Animate Skeleton
  3990 | D:5      | Noticed Duvessa
  3998 | D:5      | Killed Duvessa
  3999 | D:5      | Reached skill level 6 in Fighting
  4006 | D:5      | Noticed Dowan
  4014 | D:5      | Killed Dowan
  4015 | D:5      | Reached skill level 6 in Unarmed Combat
  4189 | D:5      | Found a hide-covered altar of Uskayaw.
  4812 | D:6      | Reached skill level 5 in Dodging
  4890 | D:6      | Reached skill level 7 in Unarmed Combat
  4890 | D:6      | Reached XP level 9. HP: 50/71 MP: 5/9
  5000 | D:6      | Found a staircase to the Ecumenical Temple.
  5011 | Temple   | Entered the Ecumenical Temple
  5193 | Temple   | Became a worshipper of Trog the Wrathful
  5361 | D:6      | Reached skill level 7 in Fighting
  5583 | D:6      | Found a burning altar of Makhleb.
  5583 | D:6      | Noticed a blizzard demon
  5587 | D:6      | Noticed a smoke demon
  5653 | D:6      | Noticed a troll
  5666 | D:6      | Reached skill level 1 in Armour
  5672 | D:6      | Killed a troll
  5673 | D:6      | Reached skill level 8 in Unarmed Combat
  5687 | D:6      | Reached skill level 6 in Dodging
  5707 | D:6      | Reached skill level 2 in Armour
  5933 | D:6      | You add the spells Fireball and Shatter to your library.
  5933 | D:6      | Got Imieph's Tome of Ignition and Stones {forbidden}
  6031 | D:7      | Reached * piety under Trog
  6051 | D:7      | Found a runed translucent door.
  6051 | D:7      | Found a shimmering altar of Xom.
  6051 | D:7      | Noticed Psyclone's ghost (novice DEIE)
  6051 | D:7      | Noticed a +0 spear of chaos
  6126 | D:7      | Found Itouhaoj's Specific Store.
  6128 | D:7      | Found Ruwealef's General Store.
  6181 | D:7      | Found an ancient bone altar of Kikubaaqudgha.
  6588 | D:7      | Identified the +1 ring mail "Yhika" {Dex+2 SInv}
  6822 | D:8      | Noticed Gastronok
  6842 | D:8      | Killed Gastronok
  6843 | D:8      | Reached skill level 8 in Fighting
  6843 | D:8      | Reached skill level 3 in Armour
  6843 | D:8      | Reached skill level 9 in Unarmed Combat
  6843 | D:8      | Gained mutation: You have hooves in place of feet. [demonic
                  | ancestry]
  6843 | D:8      | Reached XP level 10. HP: 49/80 MP: 5/10
  7433 | D:8      | Found the +9 staff of Olgreb {rPois∞}
  7454 | D:8      | Found a radiant altar of Vehumet.
  7472 | D:8      | Found a runed translucent door.
  7483 | D:8      | Found a runed translucent gate.
  7483 | D:8      | Found a runed translucent gate.
  7484 | D:8      | Found a runed translucent door.
  7585 | D:8      | Found a runed translucent gate.
  7819 | D:8      | Found a basalt altar of Yredelemnul.
  8560 | D:9      | Found a blossoming altar of Fedhas.
  8668 | D:9      | Noticed Pikel
  8674 | D:9      | Killed Pikel
  8675 | D:9      | Reached skill level 7 in Dodging
  8695 | D:9      | Noticed a boulder beetle
  8891 | D:9      | Killed a boulder beetle
  8892 | D:9      | Reached skill level 4 in Armour
  9083 | D:9      | Identified the +0 long sword of the Scavenger {vamp, *Noise
                  | rPois rC++ Stlth+}
  9166 | D:9      | Reached skill level 10 in Unarmed Combat
  9181 | D:9      | You pick up a book of Cantrips {forbidden} and begin
                  | reading...
  9181 | D:9      | You add the spells Summon Small Mammal and Apportation to
                  | your library.
  9759 | D:9      | Noticed a two-headed ogre
  9764 | D:9      | Killed a two-headed ogre
  9764 | D:9      | Reached ** piety under Trog
  9765 | D:9      | Gained mutation: You have a small tail. [demonic ancestry]
  9765 | D:9      | Reached XP level 11. HP: 87/87 MP: 11/11
 10265 | D:9      | Found a hazy altar of Hepliaklqana.
 10317 | D:10     | Entered Level 10 of the Dungeon
 10354 | D:10     | Noticed a two-headed ogre
 10359 | D:10     | Killed a two-headed ogre
 10360 | D:10     | Reached skill level 9 in Fighting
 10609 | D:10     | Noticed a two-headed ogre
 10612 | D:10     | Noticed a skeletal warrior
 10784 | D:10     | Reached skill level 5 in Armour
 11070 | D:10     | Noticed a death yak
 11078 | D:10     | Noticed a death yak
 11084 | D:10     | Killed a death yak
 11085 | D:10     | Noticed a death yak
 11242 | D:10     | Killed a death yak
 11243 | D:10     | Reached skill level 11 in Unarmed Combat
 11250 | D:10     | Killed a death yak
 11251 | D:10     | Reached skill level 8 in Dodging
 11637 | D:10     | Found a staircase to the Lair.
 12092 | D:11     | Noticed a two-headed ogre
 12097 | D:11     | Killed a two-headed ogre
 12097 | D:11     | Noticed a boulder beetle
 12107 | D:11     | Reached skill level 6 in Armour
 12715 | D:11     | Mutation became permanent: You have sharp fingernails.
                  | [demonic ancestry]
 12715 | D:11     | Gained mutation: You have very sharp fingernails. [demonic
                  | ancestry]
 12715 | D:11     | Reached XP level 12. HP: 48/97 MP: 6/12
 12772 | D:11     | Killed a boulder beetle
 12773 | D:11     | Reached skill level 10 in Fighting
 12862 | D:11     | Noticed a boulder beetle
 12886 | D:11     | Killed a boulder beetle
 12887 | D:11     | Paralysed by a hornet for 3 turns
 12892 | D:11     | Reached skill level 12 in Unarmed Combat
 13086 | D:11     | Noticed a catoblepas
 13086 | D:11     | Noticed a tengu warrior
 13099 | D:11     | Killed a tengu warrior
 13257 | D:11     | Noticed a seven-headed hydra
 13262 | D:11     | HP: 30/145 [seven-headed hydra (10)]
 13263 | D:11     | HP: 12/145 [seven-headed hydra (11)]
 13264 | D:11     | Killed a seven-headed hydra
 13613 | D:11     | Reached skill level 9 in Dodging
 14024 | D:11     | Reached skill level 7 in Armour
 14036 | D:11     | HP: 24/98 [poisoned by a green ugly thing]
 14485 | D:11     | Identified the +9 scale mail of Dramatic Exits {Str+3}
 14824 | D:11     | You add the spells Summon Lightning Spire and Summon Hydra
                  | to your library.
 14824 | D:11     | Got the Grimoire of the Escort {forbidden}
 15022 | D:12     | Found a staircase to the Orcish Mines.
 15240 | Lair:1   | Entered Level 1 of the Lair of Beasts
 15529 | Lair:1   | Reached *** piety under Trog
 16313 | Lair:2   | Found an opulent altar of Gozag.
 16472 | Lair:2   | Reached skill level 13 in Unarmed Combat
 16479 | Lair:2   | Reached skill level 11 in Fighting
 16481 | Lair:2   | Gained mutation: You have a tail ending in a sharp stinger.
                  | [demonic ancestry]
 16481 | Lair:2   | Reached XP level 13. HP: 60/106 MP: 9/13
 16792 | Lair:2   | Found a frozen archway.
 16799 | IceCv    | Entered an ice cave
 17449 | IceCv    | Identified the ring "Udidwi" {Ice rN+ Will+}
 17449 | IceCv    | Noticed a reaper
 17464 | IceCv    | Killed a reaper
 17470 | IceCv    | HP: 18/106 [ice devil (20)]
 17949 | IceCv    | Reached skill level 8 in Armour
 17954 | IceCv    | HP: 9/106 [two-headed ogre simulacrum (22)]
 19525 | Lair:3   | Reached skill level 10 in Dodging
 19813 | Lair:3   | Reached skill level 5 in Bows
 20257 | Lair:3   | Found a hole to the Spider Nest.
 20451 | Lair:3   | Found a staircase to the Shoals.
 20779 | Lair:4   | You pick up a book of the Hunter {forbidden} and begin
                  | reading...
 20779 | Lair:4   | You add the spells Call Canine Familiar, Portal Projectile
                  | and Leda's Liquefaction to your library.
 20880 | Lair:4   | Identified a scroll of acquirement
 20881 | Lair:4   | Acquired a manual of Dodging
 20913 | Lair:4   | Reached **** piety under Trog
 20916 | Lair:4   | Reached skill level 11 in Dodging
 21597 | Lair:5   | You pick up a book of Geomancy {forbidden} and begin
                  | reading...
 21597 | Lair:5   | You add the spells Sandblast, Passwall and Stone Arrow to
                  | your library.
 21619 | Lair:5   | Found a staircase to the Slime Pits.
 21638 | Lair:5   | Reached skill level 12 in Dodging
 21775 | Lair:5   | Gained mutation: You have a sharp stinger which inflicts
                  | weakening toxins. [demonic ancestry]
 21775 | Lair:5   | Reached XP level 14. HP: 95/114 MP: 10/14
 21784 | Lair:5   | Lost mutation: You occasionally shout uncontrollably at
                  | your foes. [potion of mutation]
 21784 | Lair:5   | Lost mutation: You tend to lose your temper in combat.
                  | [potion of mutation]
 21784 | Lair:5   | Gained mutation: You are partially covered in iridescent
                  | scales. (AC +2) [potion of mutation]
 21784 | Lair:5   | Gained mutation: You have a pair of small horns on your
                  | head. [potion of mutation]
 22076 | Lair:5   | Reached skill level 13 in Dodging
 22394 | Lair:6   | Entered Level 6 of the Lair of Beasts
 22619 | Lair:6   | Reached skill level 14 in Dodging
 23049 | Lair:6   | magus.rc [v1.9.6]
 23141 | Lair:6   | Reached skill level 15 in Dodging
 23267 | Lair:6   | Reached ***** piety under Trog
 23273 | Lair:6   | Reached skill level 16 in Dodging
 23610 | Lair:6   | Identified the +2 buckler of Ugukkippiz {rN+ Will+}
 23675 | Lair:6   | Found a runed translucent gate.
 23684 | Lair:6   | Found a runed translucent gate.
 23684 | Lair:6   | Found a runed translucent gate.
 23706 | Lair:6   | Noticed siradein's ghost (journeyman DEEE)
 23730 | Lair:6   | Got the Tome of Companions and Displacement {forbidden}
 23744 | Lair:6   | You pick up a book of the Warp {forbidden} and begin
                  | reading...
 23744 | Lair:6   | You add the spells Dispersal and Disjunction to your
                  | library.
 24717 | D:12     | Reached skill level 9 in Armour
 24736 | D:12     | Reached skill level 12 in Fighting
 24944 | D:12     | You pick up a book of Frost {forbidden} and begin
                  | reading...
 24944 | D:12     | You add the spells Freeze, Frozen Ramparts and Hailstorm to
                  | your library.
 26097 | D:13     | You pick up a book of Scorching {forbidden} and begin
                  | reading...
 26097 | D:13     | You add the spells Scorch, Flame Wave and Summon Cactus
                  | Giant to your library.
 26464 | D:14     | Found a broken altar of Ashenzari.
 26937 | D:14     | Found a gate to the Vaults.
 26942 | D:14     | Reached skill level 14 in Unarmed Combat
 26942 | D:14     | Reached XP level 15. HP: 104/122 MP: 12/15
 27146 | D:14     | Reached skill level 6 in Bows
 27377 | D:14     | You pick up a book of Air {forbidden} and begin reading...
 27377 | D:14     | You add the spells Shock, Swiftness and Airstrike to your
                  | library.
 27534 | D:14     | Found a radiant altar of Vehumet.
 27762 | D:15     | Entered Level 15 of the Dungeon
 27999 | D:15     | HP: 23/122 [white ugly thing (12)]
 28003 | D:15     | Received a gift from Trog
 28004 | D:15     | HP: 33/183 [poisoned by a green ugly thing]
 28010 | D:15     | HP: 34/183 [poisoned by a green ugly thing]
 28318 | D:15     | You pick up a book of Misfortune {forbidden} and begin
                  | reading...
 28318 | D:15     | You add the spells Confusing Touch, Yara's Violent
                  | Unravelling and Enfeeble to your library.
 28611 | D:15     | Identified the +0 cloak of Makhleb's Inspiration {Regen+}
 28787 | D:15     | Noticed Jorgrun
 28805 | D:15     | Reached skill level 10 in Armour
 28810 | D:15     | Killed Jorgrun
 28930 | D:15     | You add the spells Tukima's Dance and Passage of Golubria
                  | to your library.
 29378 | D:15     | Found a staircase to the Depths.
 29378 | D:15     | Noticed a frost giant
 29389 | D:15     | Killed a frost giant
 29390 | D:15     | Reached skill level 13 in Fighting
 29667 | D:15     | Identified the +7 rapier of the Heavens {drain, rElec rPois
                  | Dex+4 Stlth+}
 29758 | Depths:1 | Entered Level 1 of the Depths
 29786 | Depths:1 | Noticed a frost giant
 29804 | Depths:1 | Killed a frost giant
 29925 | Depths:1 | Found a gateway to Hell.
 29928 | Depths:1 | Noticed a frost giant
 29940 | Depths:1 | Killed a frost giant
 30076 | Depths:1 | Noticed a lich
 30095 | Depths:1 | Killed a lich
 30096 | Depths:1 | Reached skill level 17 in Dodging
 30167 | Depths:1 | You pick up a book of Displacement {forbidden} and begin
                  | reading...
 30167 | Depths:1 | You add the spells Lesser Beckoning, Gell's Gravitas and
                  | Teleport Other to your library.
 31113 | Depths:1 | Gained mutation: You are mostly covered in sharp spines.
                  | [demonic ancestry]
 31113 | Depths:1 | Reached XP level 16. HP: 99/131 MP: 13/16
 31267 | Depths:1 | HP: 49/196 [frost giant/+1 battleaxe of freezing (22)]
 31272 | Depths:1 | HP: 31/196 [poisoned by a green ugly thing]
 31606 | Depths:1 | Reached skill level 7 in Bows
 31694 | Depths:1 | Reached skill level 11 in Armour
 31959 | Depths:1 | Found a basalt altar of Yredelemnul.
 32004 | Depths:1 | You fall into a shaft and drop 1 floor!
 32129 | Depths:2 | Reached skill level 15 in Unarmed Combat
 32222 | Depths:2 | Noticed Vv
 32229 | Depths:2 | HP: 29/198 [stone giant (25)]
 32231 | Depths:2 | Killed from afar by Vv

Vanquished Creatures
  Jorgrun (D:15)
  A lich (Depths:1)
  Gastronok (D:8)
  A fire giant (Depths:1)
  4 frost giants
  A spectral juggernaut (Depths:1)
  A reaper (IceCv)
  6 stone giants (Depths:1)
  12 very ugly things (Depths:1)
  An ettin (Depths:2)
  An ogre mage (D:15)
  A rakshasa (Depths:1)
  3 catoblepae (Lair:6)
  9 hydras
  7 boulder beetles
  6 two-headed ogres
  3 centaur warriors
  2 dancing weapons (D:14)
  14 death yaks
  4 tengu warriors
  4 deep troll earth magi (Depths:1)
  5 skeletal warriors (D:15)
  3 wizards
  A storm dragon skeleton (Depths:1)
  An orc knight (D:11)
  Pikel (D:9)
  A necromancer (Depths:1)
  A frost giant zombie (Depths:1)
  19 ugly things
  12 manticores
  A salamander (shapeshifter) (D:14)
  6 cyclopes
  2 merfolk sirens (Lair:3)
  4 black mambas
  A torpor snail (Lair:3)
  2 ice statues (IceCv)
  A gargoyle (D:12)
  8 cane toads
  An unseen horror (D:11)
  11 komodo dragons
  A freezing wraith (IceCv)
  A rime drake (Lair:3)
  A yaktaur (shapeshifter) (D:15)
  A tengu conjurer (D:11)
  A kobold demonologist (D:14)
  6 ice devils (IceCv)
  9 trolls
  2 polar bears
  3 hornets
  A polar bear (shapeshifter) (D:13)
  Prince Ribbit (D:5)
  A wind drake (shapeshifter) (D:11)
  7 dream sheep
  19 blink frogs
  11 slime creatures
  A jumping spider (shapeshifter) (D:11)
  33 yaks
  A wraith (D:10)
  4 wyverns
  A vampire (D:11)
  5 shadows
  3 water elementals (Depths:1)
  6 basilisks
  A dire elephant simulacrum (IceCv)
  2 death yak simulacra (IceCv)
  6 vampire mosquitoes
  Menkaure (D:5)
  2 harpy simulacra (IceCv)
  A warg (D:12)
  Duvessa (D:5)
  5 acid dragons
  11 water moccasins
  A tengu skeleton (Depths:1)
  5 orc warriors
  4 sky beasts
  3 black bears
  8 wolves (Lair:5)
  9 centaurs
  2 phantoms
  3 lemures (D:9)
  4 ogres
  3 kobold brigands
  22 bullfrogs
  3 two-headed ogre simulacra (IceCv)
  A necrophage (D:6)
  A cane toad simulacrum (IceCv)
  10 scorpions
  A gnoll sergeant (D:5)
  12 wights
  Dowan (D:5)
  An elephant simulacrum (IceCv)
  2 killer bees
  2 electric eels
  4 howler monkeys
  4 hounds
  2 gnoll shamans
  6 orc priests
  5 jellies
  7 orc wizards
  6 hell rats
  4 iguanas
  A polar bear simulacrum (IceCv)
  A spriggan simulacrum (IceCv)
  A wolf simulacrum (IceCv)
  A mummy (D:4)
  20 gnolls
  8 adders
  2 naga simulacra (IceCv)
  3 river rats (D:10)
  4 white imps
  A howler monkey simulacrum (D:11)
  3 ufetubi
  2 worms
  4 dart slugs
  34 orcs
  3 endoplasms
  5 giant cockroaches
  9 hobgoblins
  3 jackals (D:2)
  29 kobolds
  6 quokkas
  8 ball pythons
  7 bats
  4 frilled lizards
  10 goblins
  5 rats
  A butterfly (Lair:5)
624 creatures vanquished.

Vanquished Creatures (others)
  10 fungi
  63 plants
73 creatures vanquished.

Grand Total: 697 creatures vanquished

Table legend:
 A = Non-vault XP
 B = Vault XP
 C = Vault XP percentage of total XP
 D = Non-vault monster count
 E = Vault monster count
 F = Vault count percentage of total count
                 A         B        C        D         E       F
            +---------+---------+-------+---------+---------+-------
      Total |  115236 |   53092 |  31.5 |     431 |     189 |  30.5
            +---------+---------+-------+---------+---------+-------
        D:1 |      30 |       0 |   0.0 |      20 |       0 |   0.0
        D:2 |      45 |      11 |  19.6 |      18 |       5 |  21.7
        D:3 |      80 |       0 |   0.0 |      19 |       0 |   0.0
        D:4 |     248 |     191 |  43.5 |      17 |       6 |  26.1
        D:5 |     710 |     801 |  53.0 |      24 |       8 |  25.0
        D:6 |    1339 |    1155 |  46.3 |      25 |      13 |  34.2
        D:7 |     417 |     149 |  26.3 |       4 |       2 |  33.3
        D:8 |     864 |    1507 |  63.6 |      20 |       1 |   4.8
        D:9 |    3417 |     629 |  15.5 |      32 |       1 |   3.0
       D:10 |    3224 |    2546 |  44.1 |      14 |      11 |  44.0
       D:11 |    3219 |   10976 |  77.3 |      20 |      29 |  59.2
       D:12 |    5295 |     507 |   8.7 |      13 |      16 |  55.2
       D:13 |    5315 |       0 |   0.0 |      13 |       0 |   0.0
       D:14 |   12759 |    1654 |  11.5 |      25 |       2 |   7.4
       D:15 |   13179 |    4627 |  26.0 |      21 |       4 |  16.0
     Temple |      78 |       0 |   0.0 |       2 |       0 |   0.0
     Lair:1 |    2586 |     605 |  19.0 |      13 |       5 |  27.8
     Lair:2 |    2301 |     858 |  27.2 |      12 |       1 |   7.7
     Lair:3 |    5284 |    1384 |  20.8 |      12 |      10 |  45.5
     Lair:4 |    4841 |    4340 |  47.3 |      17 |      14 |  45.2
     Lair:5 |    5197 |    1036 |  16.6 |      21 |       8 |  27.6
     Lair:6 |    7640 |   12128 |  61.4 |      27 |      23 |  46.0
   Depths:1 |   37168 |    1223 |   3.2 |      42 |       1 |   2.3
   Depths:2 |       0 |     944 | 100.0 |       0 |       1 | 100.0
      IceCv |       0 |    5821 | 100.0 |       0 |      28 | 100.0
            +---------+---------+-------+---------+---------+-------

Illustrated notes

Table legend:
 A = Kills in this place as a percentage of kills in entire the game.
 B = Kills by you in this place as a percentage of kills by you in the entire game.
 C = Kills by friends in this place as a percentage of kills by friends in the entire game.
 D = Other kills in this place as a percentage of other kills in the entire game.
 E = Experience gained in this place as a percentage of experience gained in the entire game.
 F = Experience gained in this place divided by the number of levels of this place that you have seen.
                   A       B       C       D       E      F
               +-------+-------+-------+-------+-------+----------------------
         Total | 100.0 | 100.0 |   N/A |   N/A | 100.0 | 6733.1
       Dungeon |  61.8 |  61.8 |   N/A |   N/A |  44.5 | 4992.9
        Temple |   0.3 |   0.3 |   N/A |   N/A |   0.0 |  78.0
          Lair |  26.3 |  26.3 |   N/A |   N/A |  28.6 | 8033.3
        Depths |   7.1 |   7.1 |   N/A |   N/A |  23.4 | 19667.5
      Ice Cave |   4.5 |   4.5 |   N/A |   N/A |   3.5 | 5821.0
               +-------+-------+-------+-------+-------+----------------------

Table legend: (Time is in decaauts)
 A = Elapsed time spent in this place.
 B = Non-inter-level travel time spent in this place.
 C = Inter-level travel time spent in this place.
 D = Time resting spent in this place.
 E = Time spent auto-exploring this place.
 F = Levels seen in this place.
 G = Mean time per level.
                   A        B        C        D        E       F      G
               +--------+--------+--------+--------+--------+-----+--------+
         Total |  32933 |  32098 |    835 |   5727 |  22084 |  25 | 1317.3 |
       Dungeon |  20767 |  20229 |    538 |   3498 |  14144 |  15 | 1384.5 |
        Temple |    192 |    182 |     10 |      0 |    143 |   1 |  192.0 |
          Lair |   7832 |   7550 |    282 |    581 |   5936 |   6 | 1305.3 |
        Depths |   2481 |   2477 |      4 |    715 |   1394 |   2 | 1240.5 |
      Ice Cave |   1660 |   1660 |      0 |    932 |    467 |   1 | 1660.0 |
               +--------+--------+--------+--------+--------+-----+--------+

Top non-repeatable levels by time:
    D:11: 3822 daAuts
    D:15: 2013 daAuts
  Lair:6: 1989 daAuts
Depths:1: 1922 daAuts
     D:8: 1796 daAuts
     D:5: 1691 daAuts
   IceCv: 1660 daAuts
     D:9: 1655 daAuts
  Lair:2: 1529 daAuts
    D:14: 1343 daAuts
     D:2: 1248 daAuts
     D:6: 1229 daAuts
    D:12: 1221 daAuts
  Lair:3: 1209 daAuts
    D:10: 1154 daAuts
